[Event "44th Chess Olympiad Open 2022"]
[Site "Chennai"]
[Date "2022.08.09"]
[Round "11.53"]
[White "Makolli, Perparim"]
[Black "Hsu, Hsuan-Ming"]
[Result "1/2-1/2"]
[ECO "C96"]
[WhiteElo "2247"]
[BlackElo "1900"]
[Annotator "RC"]
[PlyCount "146"]
[EventDate "2022.07.29"]
[EventType "team-tourn"]
[EventCountry "IND"]
[SourceTitle "playchess.com"]
[Source "ChessBase"]
[SourceQuality "1"]
[WhiteTeam "Kosovo"]
[BlackTeam "Taiwan"]
[WhiteTeamCountry "KOS"]
[BlackTeamCountry "TPE"]
[TimeControl "40/5400+30:1800+30"]

1. e4 e5 2. Nf3 Nc6 3. Bb5 a6 4. Ba4 Nf6 5. d3 b5 6. Bb3 Be7 7. O-O O-O 8. c3 d6 9. h3 Na5 10. Bc2 c5 11. Re1 Nc6 12. d4 exd4 13. cxd4 Nb4 14. Nc3 Nxc2 15. Qxc2 Bb7 16. d5 Re8 17. a4 b4 18. Nb1 a5 19. Nbd2 Nd7 20. b3 Bf6 21. Bb2 Ba6 22. Bxf6 Qxf6 23. Nc4 Bxc4 24. Qxc4 Ne5 25. Nxe5 Qxe5 26. Ra2 f6 27. Rae2 Reb8 28. Re3 Rc8 29. Rd3 Re8 30. Rde3 Rec8 31. Rd1 Re8 32. g3 Qh5 33. Qf1 Qf7 34. f4 Qa7 35. Kf2 Qa6 36. Qxa6 Rxa6 37. Ke2 Kf7 38. Kd3 Raa8 39. Kc4 Ke7 40. e5 fxe5 41. fxe5 dxe5 42. d6+ Kd7 43. Rd5 e4 44. Kxc5 Rac8+ 45. Kd4 Rc6 46. Rxa5 Rxd6+ 47. Rd5 Rc8 48. Rxd6+ Kxd6 49. Kxe4 Kc5 50. Kd3 Kd5 51. Kd2 g5 52. a5 Ra8 53. Kd3 Rxa5 54. Re4 Rb5 55. Rg4 Kd6 56. Kc4 Kc6 57. h4 gxh4 58. gxh4 Rf5 59. Kxb4 h5 60. Rd4 Rf3 61. Rc4+ Kb6 62. Re4 Rg3 63. Kc4 Rh3 64. b4 Rh1 65. Rf4 Re1 66. Rf6+ Kb7 67. Rf4 Kb6 68. Kd5 Kb5 69. Re4 Rxe4 70. Kxe4 Kxb4 71. Kf5 Kc5 72. Kg6 Kd6 73. Kxh5 Ke7 1/2-1/2

[Event "44th Chess Olympiad Open 2022"]
[Site "Chennai"]
[Date "2022.08.09"]
[Round "11.53"]
[White "Liu, Yeh Yang"]
[Black "Saraci, Korab"]
[Result "0-1"]
[ECO "B22"]
[WhiteElo "1994"]
[BlackElo "2287"]
[Annotator "RC"]
[PlyCount "80"]
[EventDate "2022.07.29"]
[EventType "team-tourn"]
[EventCountry "IND"]
[SourceTitle "playchess.com"]
[Source "ChessBase"]
[SourceQuality "1"]
[WhiteTeam "Taiwan"]
[BlackTeam "Kosovo"]
[WhiteTeamCountry "TPE"]
[BlackTeamCountry "KOS"]
[TimeControl "40/5400+30:1800+30"]

1. e4 c5 2. Nf3 d6 3. c3 g6 4. d4 cxd4 5. cxd4 Nf6 6. Nc3 Bg7 7. Be2 O-O 8. O-O Nc6 9. d5 Nb8 10. Be3 Nbd7 11. Nd4 Nc5 12. f3 a5 13. a3 a4 14. Rc1 Bd7 15. Ncb5 Ne8 16. Rc4 Ra5 17. Rb4 Na6 18. Rxa4 Bxd4 19. Qxd4 Bxb5 20. Bh6 Nf6 21. Rxa5 Bxe2 22. b4 Re8 23. Re1 b6 24. Rxa6 Bxa6 25. Rc1 Qb8 26. Rc6 Bc8 27. Rxb6 Qa7 28. a4 Qxa4 29. Rxd6 Nh5 30. Rb6 f6 31. g4 Qa2 32. Rc6 g5 33. Qd1 Nf4 34. Rc2 Qb3 35. h4 Ba6 36. Rd2 Qe3+ 37. Kh2 Be2 38. Qe1 Rc8 39. hxg5 Rc1 40. Rxe2 Nxe2 0-1

[Event "44th Chess Olympiad Open 2022"]
[Site "Chennai"]
[Date "2022.08.09"]
[Round "11.53"]
[White "Wu, Bing-Shen"]
[Black "Asllani, Muhamet"]
[Result "1-0"]
[ECO "D08"]
[WhiteElo "1660"]
[BlackElo "2235"]
[Annotator "RC"]
[PlyCount "63"]
[EventDate "2022.07.29"]
[EventType "team-tourn"]
[EventCountry "IND"]
[SourceTitle "playchess.com"]
[Source "ChessBase"]
[SourceQuality "1"]
[WhiteTeam "Taiwan"]
[BlackTeam "Kosovo"]
[WhiteTeamCountry "TPE"]
[BlackTeamCountry "KOS"]
[TimeControl "40/5400+30:1800+30"]

1. d4 d5 2. c4 e5 3. dxe5 d4 4. Nf3 Nc6 5. a3 Bg4 6. Nbd2 Nge7 7. b4 Ng6 8. Nb3 Ncxe5 9. Qxd4 Qxd4 10. Nfxd4 Nxc4 11. e3 Nd6 12. h3 Bc8 13. Bb2 Be7 14. Rc1 c6 15. Be2 O-O 16. O-O f5 17. Nc5 Bf6 18. Rc2 Re8 19. Rd1 f4 20. exf4 Nxf4 21. Bf3 a5 22. Nxc6 Bf5 23. Bxf6 Bxc2 24. Rxd6 bxc6 25. Bg5 axb4 26. axb4 Nd5 27. b5 Nb4 28. bxc6 Ra5 29. Bd2 Ra1+ 30. Kh2 Na6 31. Bd5+ Kf8 32. Nd7+ 1-0

[Event "44th Chess Olympiad Open 2022"]
[Site "Chennai"]
[Date "2022.08.09"]
[Round "11.54"]
[White "Ortega Amarelle, Mariano"]
[Black "Kaloust, Giorgio"]
[Result "1-0"]
[ECO "E40"]
[WhiteElo "2463"]
[BlackElo "1942"]
[Annotator "RC"]
[PlyCount "55"]
[EventDate "2022.07.29"]
[EventType "team-tourn"]
[EventCountry "IND"]
[SourceTitle "playchess.com"]
[Source "ChessBase"]
[SourceQuality "1"]
[WhiteTeam "CPV"]
[BlackTeam "Lebanon"]
[BlackTeamCountry "LBN"]
[TimeControl "40/5400+30:1800+30"]

1. d4 Nf6 2. c4 e6 3. Nc3 Bb4 4. e3 O-O 5. Bd3 Bxc3+ 6. bxc3 d6 7. Ne2 Qe7 8. e4 h6 9. O-O Nc6 10. f4 e5 11. Ba3 exd4 12. e5 Ng4 13. cxd4 Qh4 14. h3 Ne3 15. Qe1 Nxg2 16. Qxh4 Nxh4 17. d5 Ne7 18. exd6 cxd6 19. Bxd6 Re8 20. Bxe7 Rxe7 21. f5 Bxf5 22. d6 Bxd3 23. dxe7 Bxe2 24. Rad1 Re8 25. Rd8 f6 26. Rxe8+ Kf7 27. Rb8 Kxe7 28. Rf4 1-0

[Event "44th Chess Olympiad Open 2022"]
[Site "Chennai"]
[Date "2022.08.09"]
[Round "11.54"]
[White "El Jawich, Amro"]
[Black "Teixeira, Gil"]
[Result "1-0"]
[ECO "C00"]
[WhiteElo "2314"]
[BlackElo "1741"]
[Annotator "RC"]
[PlyCount "53"]
[EventDate "2022.07.29"]
[EventType "team-tourn"]
[EventCountry "IND"]
[SourceTitle "playchess.com"]
[Source "ChessBase"]
[SourceQuality "1"]
[WhiteTeam "Lebanon"]
[BlackTeam "CPV"]
[WhiteTeamCountry "LBN"]
[TimeControl "40/5400+30:1800+30"]

1. e4 e6 2. Qe2 d6 3. d4 e5 4. Nf3 Nd7 5. Nc3 Ngf6 6. Bg5 Be7 7. O-O-O exd4 8. Nxd4 O-O 9. Nf5 Qe8 10. Qd2 Bd8 11. Bh6 gxh6 12. Qxh6 Nh5 13. Qxh5 Qe6 14. Rd3 Kh8 15. Rg3 Rg8 16. Qxh7+ Kxh7 17. Rh3+ Kg6 18. Rh6+ Kg5 19. h4+ Kf4 20. g3+ Rxg3 21. fxg3+ Ke5 22. Rxe6+ fxe6 23. Ne3 Nf6 24. Bg2 Kd4 25. Kd2 e5 26. b4 Nxe4+ 27. Nxe4 1-0

[Event "44th Chess Olympiad Open 2022"]
[Site "Chennai"]
[Date "2022.08.09"]
[Round "11.54"]
[White "Kassis, Antoine"]
[Black "Rodriguez Guevara, Celia M."]
[Result "1-0"]
[ECO "B19"]
[WhiteElo "2202"]
[BlackElo "1859"]
[Annotator "RC"]
[PlyCount "59"]
[EventDate "2022.07.29"]
[EventType "team-tourn"]
[EventCountry "IND"]
[SourceTitle "playchess.com"]
[Source "ChessBase"]
[SourceQuality "1"]
[WhiteTeam "Lebanon"]
[BlackTeam "CPV"]
[WhiteTeamCountry "LBN"]
[TimeControl "40/5400+30:1800+30"]

1. e4 d5 2. Nc3 c6 3. d4 dxe4 4. Nxe4 Bf5 5. Ng3 Bg6 6. h4 h6 7. Nf3 Nf6 8. h5 Bh7 9. Bd3 Bxd3 10. Qxd3 e6 11. Bd2 Be7 12. O-O-O O-O 13. Ne4 Nxe4 14. Qxe4 Qd5 15. Qg4 Kh8 16. Kb1 Nd7 17. Qh3 Nf6 18. Be3 Ne4 19. Ne5 Ng5 20. Qg3 Bf6 21. f4 Ne4 22. Qe1 Kg8 23. c4 Qd8 24. g4 Be7 25. Bc1 Nd6 26. Qe3 Qc8 27. c5 Ne8 28. g5 f5 29. gxh6 gxh6 30. Rhg1+ 1-0

[Event "44th Chess Olympiad Open 2022"]
[Site "Chennai"]
[Date "2022.08.09"]
[Round "11.54"]
[White "Mirulla, David"]
[Black "Khairallah, Faisal"]
[Result "0-1"]
[ECO "B33"]
[WhiteElo "1953"]
[BlackElo "2239"]
[Annotator "RC"]
[PlyCount "52"]
[EventDate "2022.07.29"]
[EventType "team-tourn"]
[EventCountry "IND"]
[SourceTitle "playchess.com"]
[Source "ChessBase"]
[SourceQuality "1"]
[WhiteTeam "CPV"]
[BlackTeam "Lebanon"]
[BlackTeamCountry "LBN"]
[TimeControl "40/5400+30:1800+30"]

1. e4 c5 2. Nf3 Nc6 3. d4 cxd4 4. Nxd4 Qb6 5. Nb3 Nf6 6. Nc3 e6 7. a3 d6 8. Be3 Qc7 9. f4 a6 10. g4 b5 11. g5 Nd7 12. h4 Nb6 13. Bxb5 axb5 14. Nxb5 Qb8 15. Bxb6 Qxb6 16. Nxd6+ Bxd6 17. Qxd6 Qe3+ 18. Kf1 Ba6+ 19. Kg2 Qxe4+ 20. Kg3 Rd8 21. Qc5 Ne7 22. Qf2 Nf5+ 23. Kh3 Ne3 24. Rhe1 Qxc2 25. Qf3 Nf5 26. Rac1 Rd3 0-1

[Event "44th Chess Olympiad Open 2022"]
[Site "Chennai"]
[Date "2022.08.09"]
[Round "11.55"]
[White "Kett, Tim"]
[Black "Belzo, Krzysztof"]
[Result "1-0"]
[ECO "A43"]
[WhiteElo "2197"]
[BlackElo "2080"]
[Annotator "RC"]
[PlyCount "125"]
[EventDate "2022.07.29"]
[EventType "team-tourn"]
[EventCountry "IND"]
[SourceTitle "playchess.com"]
[Source "ChessBase"]
[SourceQuality "1"]
[WhiteTeam "Wales"]
[BlackTeam "Channel Islands"]
[WhiteTeamCountry "WLS"]
[BlackTeamCountry "JCI"]
[TimeControl "40/5400+30:1800+30"]

1. d4 g6 2. e4 Bg7 3. Nc3 c5 4. d5 d6 5. Bb5+ Nd7 6. a4 a6 7. Be2 Ngf6 8. h3 O-O 9. Nf3 Rb8 10. a5 b5 11. axb6 Nxb6 12. O-O Ne8 13. Bf4 Nd7 14. Ra2 Nc7 15. Qd2 Nb5 16. Nxb5 axb5 17. Bh6 Qb6 18. Bxg7 Kxg7 19. Rfa1 b4 20. b3 Bb7 21. Qe3 Ra8 22. Nd2 Rxa2 23. Rxa2 Ra8 24. Rxa8 Bxa8 25. Nc4 Qd8 26. f4 f5 27. exf5 Bxd5 28. fxg6 hxg6 29. Bd3 Bf7 30. Qg3 d5 31. Ne3 e6 32. f5 Qf6 33. fxg6 Bxg6 34. Bxg6 Qxg6 35. Qd6 Qf7 36. Qg3+ Qg6 37. Qd6 Qf7 38. Qg3+ Kf8 39. Qd6+ Qe7 40. Qf4+ Qf6 41. Qd6+ Ke8 42. Ng4 Qe7 43. Qc6 Kd8 44. Qa8+ Kc7 45. Qa7+ Kd8 46. Qa8+ Kc7 47. Qa7+ Kc6 48. Ne5+ Kd6 49. Nxd7 Qxd7 50. Qb6+ Qc6 51. Qd8+ Ke5 52. Qg5+ Ke4 53. h4 c4 54. h5 cxb3 55. cxb3 Qc5+ 56. Kh1 Qc3 57. h6 d4 58. h7 d3 59. Qh4+ Ke3 60. h8=Q Qxh8 61. Qxh8 Ke2 62. Qe5+ Kf1 63. Qe3 1-0

[Event "44th Chess Olympiad Open 2022"]
[Site "Chennai"]
[Date "2022.08.09"]
[Round "11.55"]
[White "Pleasants, Allan J"]
[Black "Forbes, Garry"]
[Result "1-0"]
[ECO "D79"]
[WhiteElo "2024"]
[BlackElo "1908"]
[Annotator "NA"]
[PlyCount "61"]
[EventDate "2022.07.29"]
[EventType "team-tourn"]
[EventCountry "IND"]
[SourceTitle "playchess.com"]
[Source "ChessBase"]
[SourceQuality "1"]
[WhiteTeam "Wales"]
[BlackTeam "Channel Islands"]
[WhiteTeamCountry "WLS"]
[BlackTeamCountry "JCI"]
[TimeControl "40/5400+30:1800+30"]

1. d4 g6 2. Nf3 Bg7 3. g3 Nf6 4. Bg2 O-O 5. c4 c6 6. Nc3 d5 7. cxd5 cxd5 8. Ne5 Nc6 9. O-O e6 10. Bg5 Qb6 11. Na4 Qd8 12. Rc1 Qe8 13. Nxc6 bxc6 14. Bxf6 Bxf6 15. f4 Bd7 16. Nc5 Bd8 17. Qc2 Rc8 18. e4 Bb6 19. Rfe1 Qd8 20. e5 Qe7 21. Bf1 Rc7 22. Bd3 Bxc5 23. dxc5 f6 24. exf6 Qxf6 25. Re5 Rb8 26. b3 Rcc8 27. Qd2 Qd8 28. Rce1 Qc7 29. f5 exf5 30. Re7 f4 31. Qc3 1-0

[Event "44th Chess Olympiad Open 2022"]
[Site "Chennai"]
[Date "2022.08.09"]
[Round "11.55"]
[White "Carpenter, Paul A"]
[Black "Blackburn, Jonathan L B"]
[Result "1/2-1/2"]
[ECO "A08"]
[WhiteElo "1938"]
[BlackElo "2176"]
[Annotator "RC"]
[PlyCount "90"]
[EventDate "2022.07.29"]
[EventType "team-tourn"]
[EventCountry "IND"]
[SourceTitle "playchess.com"]
[Source "ChessBase"]
[SourceQuality "1"]
[WhiteTeam "Channel Islands"]
[BlackTeam "Wales"]
[WhiteTeamCountry "JCI"]
[BlackTeamCountry "WLS"]
[TimeControl "40/5400+30:1800+30"]

1. e4 e6 2. d3 d5 3. Nd2 c5 4. Ngf3 Nc6 5. g3 Bd6 6. Bg2 Nge7 7. O-O O-O 8. Re1 Qc7 9. b3 f6 10. Bb2 Bd7 11. Qe2 d4 12. Nc4 e5 13. Nh4 g5 14. Nf3 Ng6 15. Nxd6 Qxd6 16. Nd2 b5 17. a4 a6 18. Ba3 Rac8 19. Bf3 Nb4 20. Rec1 Qe6 21. Bxb4 cxb4 22. axb5 axb5 23. Ra7 Rc6 24. Nf1 g4 25. Bg2 Rfc8 26. Qd2 Qd6 27. f3 Rc3 28. fxg4 Bxg4 29. Qh6 R3c7 30. Rca1 Qd7 31. Rxc7 Rxc7 32. Ra8+ Rc8 33. Rxc8+ Qxc8 34. Qd2 Qc3 35. Qc1 Be2 36. Qb1 Kg7 37. Kf2 Bxf1 38. Bxf1 Qd2+ 39. Be2 h5 40. Qe1 Qxc2 41. Qxb4 h4 42. Qxb5 Qc8 43. Kg2 Qc2 44. Kf2 Qc8 45. Kg2 Qc2 1/2-1/2

[Event "44th Chess Olympiad Open 2022"]
[Site "Chennai"]
[Date "2022.08.09"]
[Round "11.55"]
[White "Gurner, Jem"]
[Black "Bullen, Alex"]
[Result "1/2-1/2"]
[ECO "D37"]
[WhiteElo "1800"]
[BlackElo "2106"]
[Annotator "RC"]
[PlyCount "124"]
[EventDate "2022.07.29"]
[EventType "team-tourn"]
[EventCountry "IND"]
[SourceTitle "playchess.com"]
[Source "ChessBase"]
[SourceQuality "1"]
[WhiteTeam "Channel Islands"]
[BlackTeam "Wales"]
[WhiteTeamCountry "JCI"]
[BlackTeamCountry "WLS"]
[TimeControl "40/5400+30:1800+30"]

1. d4 d5 2. c4 e6 3. Nc3 Nf6 4. Nf3 a6 5. cxd5 exd5 6. Bg5 Be6 7. e3 c6 8. Bd3 Bd6 9. O-O Nbd7 10. Qc2 h6 11. Bh4 Qc7 12. Rfe1 O-O 13. Bg3 Nh5 14. Bxd6 Qxd6 15. e4 dxe4 16. Nxe4 Qf4 17. Ne5 Nxe5 18. dxe5 Qxe5 19. Nc5 Qg5 20. Nxb7 Nf4 21. Be4 Bf5 22. g3 Nh3+ 23. Kg2 Nf4+ 24. Kh1 Bxe4+ 25. Qxe4 Ne6 26. Nd6 Qd5 27. Rad1 Qxe4+ 28. Nxe4 Rfd8 29. Kg2 Rd5 30. Nc3 Rdd8 31. Na4 Rab8 32. b3 Rd5 33. Nc3 Rdd8 34. f4 c5 35. Rxd8+ Rxd8 36. Rd1 Rxd1 37. Nxd1 Kf8 38. Kf3 Ke7 39. Ke4 Kd6 40. Ne3 Nd4 41. g4 g6 42. f5 Nc6 43. Nc4+ Ke7 44. a3 gxf5+ 45. gxf5 Nd4 46. b4 Nb3 47. Ke5 f6+ 48. Kd5 cxb4 49. axb4 Nc1 50. Kd4 h5 51. Nb6 Kd6 52. Ke4 Nb3 53. Nc4+ Kc6 54. Ne3 Nd2+ 55. Kf4 Kd6 56. h3 Nb3 57. Ke4 Nd2+ 58. Kd4 Nf3+ 59. Ke4 Ng5+ 60. Kd4 Nf3+ 61. Ke4 Ng5+ 62. Kd4 Nf3+ 1/2-1/2

[Event "44th Chess Olympiad Open 2022"]
[Site "Chennai"]
[Date "2022.08.09"]
[Round "11.56"]
[White "Christie, Joshua"]
[Black "Namale, Ben Nguku"]
[Result "1-0"]
[ECO "D36"]
[WhiteElo "2272"]
[BlackElo "1962"]
[Annotator "RC"]
[PlyCount "62"]
[EventDate "2022.07.29"]
[EventType "team-tourn"]
[EventCountry "IND"]
[SourceTitle "playchess.com"]
[Source "ChessBase"]
[SourceQuality "1"]
[WhiteTeam "Jamaica"]
[BlackTeam "Kenya"]
[WhiteTeamCountry "JAM"]
[BlackTeamCountry "KEN"]
[TimeControl "40/5400+30:1800+30"]

1. d4 d5 2. c4 e6 3. Nc3 Nf6 4. cxd5 exd5 5. Bg5 Be7 6. Qc2 c6 7. e3 O-O 8. Bd3 h6 9. Bh4 Re8 10. Nge2 Nh5 11. Bxe7 Qxe7 12. O-O-O b5 13. Bh7+ Kh8 14. Bf5 b4 15. Nxd5 cxd5 16. Bxc8 Nd7 17. Bxd7 Qxd7 18. Kb1 Nf6 19. Ng3 Re6 20. Rc1 Ra6 21. Qb3 Rb8 22. Rc5 Rb7 23. Rhc1 g6 24. Ka1 h5 25. f3 Qd6 26. e4 dxe4 27. Qe3 Kg7 28. Rg5 Kh7 29. Nxe4 Qd7 30. Ng3 Kg7 31. Nf5+ Kh7 1-0

[Event "44th Chess Olympiad Open 2022"]
[Site "Chennai"]
[Date "2022.08.09"]
[Round "11.56"]
[White "Lorne, Ras Malaku"]
[Black "Njoroge, Martin"]
[Result "1/2-1/2"]
[ECO "D31"]
[WhiteElo "2079"]
[BlackElo "1973"]
[Annotator "NA RC"]
[PlyCount "92"]
[EventDate "2022.07.29"]
[EventType "team-tourn"]
[EventCountry "IND"]
[SourceTitle "playchess.com"]
[Source "ChessBase"]
[SourceQuality "1"]
[WhiteTeam "Jamaica"]
[BlackTeam "Kenya"]
[WhiteTeamCountry "JAM"]
[BlackTeamCountry "KEN"]
[TimeControl "40/5400+30:1800+30"]

1. d4 d5 2. c4 e6 3. Nc3 Be7 4. Nf3 c6 5. e4 dxe4 6. Nxe4 Nf6 7. Nc3 O-O 8. Be2 a6 9. a4 a5 10. O-O Na6 11. Bf4 Nb4 12. Qb3 Nh5 13. Be3 Nf6 14. Rad1 Bd7 15. Ne5 Qc8 16. g4 Be8 17. f4 h6 18. Bf3 Nd7 19. Ne4 f6 20. Nd3 Nxd3 21. Qxd3 Bf7 22. Ng3 Rd8 23. Be4 Nc5 24. Bh7+ Kh8 25. Qc2 Nxa4 26. Be4 Nb6 27. b3 Nd7 28. Qe2 Qc7 29. Bc1 Nf8 30. Rfe1 Bb4 31. Rf1 Be7 32. Rfe1 a4 33. bxa4 Rxa4 34. Bc2 Ra2 35. Qe4 Bb4 36. Re3 Qa5 37. Bb1 Qa4 38. Red3 Ra1 39. Bb2 e5 40. Bxa1 Qxa1 41. d5 cxd5 42. cxd5 Bc5+ 43. Kg2 exf4 44. Nf5 Re8 45. Qxf4 Re2+ 46. Kh1 Ng6 1/2-1/2

[Event "44th Chess Olympiad Open 2022"]
[Site "Chennai"]
[Date "2022.08.09"]
[Round "11.56"]
[White "Hinga, Githinji"]
[Black "Smith, Shreyas"]
[Result "0-1"]
[ECO "B22"]
[WhiteElo "1954"]
[BlackElo "2147"]
[Annotator "NA RC"]
[PlyCount "58"]
[EventDate "2022.07.29"]
[EventType "team-tourn"]
[EventCountry "IND"]
[SourceTitle "playchess.com"]
[Source "ChessBase"]
[SourceQuality "1"]
[WhiteTeam "Kenya"]
[BlackTeam "Jamaica"]
[WhiteTeamCountry "KEN"]
[BlackTeamCountry "JAM"]
[TimeControl "40/5400+30:1800+30"]

1. e4 c5 2. c3 Nf6 3. d3 Nc6 4. Be3 e5 5. Nf3 d5 6. Qc2 Be7 7. Be2 O-O 8. h3 d4 9. Bg5 dxc3 10. bxc3 c4 11. dxc4 Nd7 12. Be3 Nc5 13. Nbd2 Be6 14. O-O f6 15. Nb3 Na4 16. Rfd1 Qc7 17. Rab1 Rfd8 18. Nbd4 exd4 19. cxd4 Bd7 20. c5 Na5 21. Rdc1 Rac8 22. Bd2 Kh8 23. c6 Bxc6 24. d5 Ba3 25. dxc6 Bxc1 26. Rxc1 Qxc6 27. Qd1 Qxc1 28. Qxc1 Rxc1+ 29. Bxc1 Nc3 0-1

[Event "44th Chess Olympiad Open 2022"]
[Site "Chennai"]
[Date "2022.08.09"]
[Round "11.56"]
[White "Oluka Robert Mcligeyo"]
[Black "Shaw, Jaden"]
[Result "1/2-1/2"]
[ECO "C07"]
[WhiteElo "1823"]
[BlackElo "1930"]
[Annotator "TA"]
[PlyCount "75"]
[EventDate "2022.07.29"]
[EventType "team-tourn"]
[EventCountry "IND"]
[SourceTitle "playchess.com"]
[Source "ChessBase"]
[SourceQuality "1"]
[WhiteTeam "Kenya"]
[BlackTeam "Jamaica"]
[WhiteTeamCountry "KEN"]
[BlackTeamCountry "JAM"]
[TimeControl "40/5400+30:1800+30"]

1. e4 e6 2. d4 d5 3. Nd2 c5 4. exd5 Qxd5 5. Ngf3 cxd4 6. Bc4 Qd6 7. O-O Nf6 8. Nb3 Nc6 9. Nbxd4 Nxd4 10. Nxd4 a6 11. c3 Qc7 12. Bb3 Bd6 13. h3 O-O 14. Qf3 {[%emt 0:01:12] C07: French Tarrasch: 3...c5, 4 Ngf3 and 4 exd5 Qxd5.} e5 15. Nc2 Bd7 16. Bg5 Bc6 $1 17. Qe2 (17. Qd3 $11 {feels stronger.}) 17... Ne4 $15 {[%emt 0:03:12] [#]} 18. Bh4 $146 ({Predecessor:} 18. Be3 Kh8 19. Rfd1 f5 20. f3 Ng3 21. Qf2 f4 22. Bb6 Qe7 23. Bd5 Rf6 24. Nb4 {0-1 (52) Kopera,M (2150)-Joba,A (1996) Slovakia 2019}) 18... Nc5 19. Ne3 Nxb3 20. axb3 f5 21. Rad1 Rae8 22. Qd3 Be7 {[%emt 0:07:43] [#]} (22... f4 $1 $11 {and Black stays safe.}) 23. Bxe7 $2 ({Not} 23. Nxf5 Bxh4 24. Nxh4 Qf7 $11) (23. Qc4+ $1 $18 Kh8 24. Nd5) 23... Qxe7 $16 24. Nxf5 Qg5 25. Ne3 Kh8 26. c4 $2 (26. Nd5 $16) 26... Rf3 $1 $15 {[%emt 0:08:16][%cal Of3e3] Hoping for ...Rxe3!} 27. h4 {[%emt 0:00:09] [#]} Qxh4 28. Qe2 ({Don't blunder} 28. gxf3 $2 Bxf3 29. Ng2 Qh3 30. Qxf3 Qxf3 $19) 28... Qg5 29. b4 Rf4 ({Black should play} 29... Rh3 $17 {And now ...Bf3 would win.} 30. Qg4 Qxg4 31. Nxg4 Rb3) 30. Nd5 $1 $11 Rg4 31. f3 $1 Rh4 {[%emt 0:01:22] Threatening ...Qh6.} 32. Qf2 $2 (32. Nc7 $11 Rc8 33. b5 axb5 34. cxb5) 32... Rxc4 $2 (32... Qh6 33. Qd2 Rh1+ 34. Kf2 Qh4+ 35. Ke3 Rxf1 36. Rxf1 Qxc4) 33. Rfe1 (33. Nc7 {might work better.} Rg8 34. b5 axb5 35. Ne6) 33... Bxd5 $2 (33... Rh4 $19 {is more deadly.} 34. Nc7 Rf8) 34. Rxd5 $17 Rc1 (34... Rxb4 $17 {aiming for ...h6.} 35. Qc2 h6) 35. Qf1 Rc2 36. f4 Qg6 37. Rdxe5 Qb6+ 38. Kh1 {[%emt 0:01:11] Never resign too early!  Weighted Error Value: White=0.60/Black=0.58} 1/2-1/2

[Event "44th Chess Olympiad Open 2022"]
[Site "Chennai"]
[Date "2022.08.09"]
[Round "11.57"]
[White "Ayyad, Maher"]
[Black "Rehan, Deng Cypriano"]
[Result "0-1"]
[ECO "D11"]
[WhiteElo "2101"]
[BlackElo "2105"]
[Annotator "NA RC"]
[PlyCount "80"]
[EventDate "2022.07.29"]
[EventType "team-tourn"]
[EventCountry "IND"]
[SourceTitle "playchess.com"]
[Source "ChessBase"]
[SourceQuality "1"]
[WhiteTeam "Brunei"]
[BlackTeam "SSD"]
[WhiteTeamCountry "BRN"]
[TimeControl "40/5400+30:1800+30"]

1. d4 d5 2. Nf3 Nf6 3. g3 Bf5 4. Bg2 c6 5. O-O Nbd7 6. b3 h6 7. Bb2 e6 8. c4 Be7 9. Nc3 O-O 10. Nd2 Qb6 11. h3 Rfe8 12. e4 dxe4 13. Ndxe4 Nxe4 14. Nxe4 Nf6 15. Qe2 Nxe4 16. Bxe4 Bxh3 17. Rfd1 Bf5 18. Bxf5 exf5 19. Qf3 Bf6 20. Rab1 Rad8 21. d5 cxd5 22. Rxd5 Rxd5 23. Qxd5 Bxb2 24. Rxb2 f4 25. Kg2 Rd8 26. Qe4 fxg3 27. fxg3 Qc6 28. Qxc6 bxc6 29. c5 Kf8 30. b4 Ke7 31. Kf3 Rd3+ 32. Kf4 Ra3 33. Re2+ Kd8 34. Rd2+ Kc8 35. Re2 a5 36. bxa5 Rxa5 37. Rc2 Kd7 38. g4 Ke6 39. Kg3 Ra3+ 40. Kg2 Ke5 0-1

[Event "44th Chess Olympiad Open 2022"]
[Site "Chennai"]
[Date "2022.08.09"]
[Round "11.57"]
[White "Ajak Mach Duany"]
[Black "Ayyad, Husain"]
[Result "0-1"]
[ECO "C90"]
[WhiteElo "2029"]
[BlackElo "2209"]
[Annotator "RC"]
[PlyCount "74"]
[EventDate "2022.07.29"]
[EventType "team-tourn"]
[EventCountry "IND"]
[SourceTitle "playchess.com"]
[Source "ChessBase"]
[SourceQuality "1"]
[WhiteTeam "SSD"]
[BlackTeam "Brunei"]
[BlackTeamCountry "BRN"]
[TimeControl "40/5400+30:1800+30"]

1. e4 e5 2. Nf3 Nc6 3. Bb5 a6 4. Ba4 Nf6 5. O-O b5 6. Bb3 Be7 7. Re1 d6 8. h3 Na5 9. d4 exd4 10. Nxd4 c5 11. Bd5 Nxd5 12. exd5 cxd4 13. Bg5 f6 14. Bd2 Nc4 15. Qh5+ g6 16. Qh6 Kf7 17. b3 Ne5 18. c3 d3 19. Na3 Qa5 20. f4 Bf8 21. Qh4 Nf3+ 22. gxf3 Qxa3 23. b4 Bf5 24. Qf2 Be7 25. Reb1 a5 26. bxa5 Qc5 27. Qxc5 dxc5 28. Rxb5 c4 29. Rb7 Rhb8 30. Rab1 Rxb7 31. Rxb7 Kf8 32. Be3 Rxa5 33. Rb2 Rxd5 34. h4 Ba3 35. Rb8+ Kf7 36. Bd2 Rd7 37. Rh8 Bf8 0-1